Map: Ephemeron LE

Players

Ratl - Winner!

  • Race: Protoss Protoss
  • League: Silver
  • Spawn Location: 5:00

VOD

Have the link to the VOD?

Description

Time

  • Played on: Feb. 3, 2020, 2:33 p.m.
  • Length: 11:37
Show
View Real Time Build Order
Export as new Build Order

Ratl Protoss - Winner!

Build Orders: Double Forge, Archon Immortal 

Get SALT Encoding   

  12  0:05  Probe  
  12  0:17  Probe  
  12  0:20  Pylon  
  12  0:30  Probe  
  12  0:42  Probe  
  12  0:47  Gateway  
  12  0:52  Assimilator  
  12  0:54  Probe  
  12  1:06  Probe  
  12  1:18  Probe  
  12  1:30  Probe, Assimilator  
  12  1:38  Cybernetics Core  
  12  1:48  Probe, Nexus  
  12  2:00  Probe  
  12  2:10  Warp Gate (Chrono Boost)  
  12  2:12  Probe  
  12  2:30  Pylon  
  12  2:37  Pylon  
  12  2:41  Pylon  
  12  2:45  Pylon  
  12  2:47  Stalker  
  12  2:48  Probe  
  12  3:00  Probe  
  12  3:01  Probe  
  12  3:12  Probe  
  12  3:13  Probe  
  12  3:22  Forge  
  12  3:24  Probe  
  12  3:25  Probe  
  12  3:26  Gateway  
  12  3:29  Gateway  
  12  3:30  Gateway  
  12  3:41  Probe x2  
  12  3:46  Assimilator  
  12  3:53  Probe x2  
  12  3:58  Protoss Ground Weapons Level 1 (Chrono Boost)  
  12  4:05  Forge  
  12  4:08  Probe x2  
  12  4:20  Probe x2  
  12  4:23  Robotics Facility  
  12  4:30  Twilight Council  
  12  4:32  Zealot x3  
  12  4:34  Probe x2  
  12  4:38  Assimilator  
  12  4:40  Protoss Ground Armor Level 1 (Chrono Boost)  
  12  4:46  Probe x2  
  12  4:53  Zealot x3  
  12  4:58  Probe  
  12  4:59  Probe  
  12  5:09  Gateway  
  12  5:13  Gateway  
  12  5:15  Gateway  
  12  5:18  Gateway  
  12  5:20  Gateway  
  12  5:33  Probe x2  
  12  5:38  Immortal  
  12  5:43  Charge (Chrono Boost)  
  12  5:45  Probe x2  
  12  5:52  Zealot x2  
  12  6:01  Pylon  
  12  6:13  Nexus  
  12  6:16  Protoss Ground Weapons Level 2 (Chrono Boost)  
  12  6:19  Probe x2, Observer  
  12  6:31  Probe x2  
  12  6:39  Pylon  
  12  6:40  Pylon, Observer  
  12  6:41  Pylon  
  12  6:43  Probe x2  
  12  6:54  Pylon  
  12  6:57  Probe x2, Pylon  
  12  7:01  Immortal, Zealot x4  
  12  7:02  Zealot  
  12  7:07  Pylon  
  12  7:11  Pylon  
  12  7:16  Probe x2  
  12  7:19  Templar Archives  
  12  7:27  Probe  
  12  7:28  Probe x2  
  12  7:31  Protoss Ground Armor Level 2 (Chrono Boost)  
  12  7:33  Assimilator  
  12  7:39  Probe, Zealot x2  
  12  7:40  Probe x2  
  12  7:41  Immortal  
  12  7:51  Probe  
  12  7:52  Probe x2  
  12  7:57  High Templar x2  
  12  7:58  High Templar x2  
  12  7:59  High Templar  
  12  8:00  High Templar  
  12  8:01  High Templar x2  
  12  8:03  Archon  
  12  8:04  Archon x2  
  12  8:05  Archon  
  12  8:13  Probe  
  12  8:14  Probe x2  
  12  8:22  Assimilator  
  12  8:25  Probe  
  12  8:41  Immortal (Chrono Boost)  
  12  8:49  Adept x4  
  12  8:50  Zealot  
  12  8:51  Zealot  
  12  9:01  Nexus  
  12  9:02  Pylon  
  12  9:05  Pylon  
  12  9:08  Pylon  
  12  9:11  Pylon  
  12  9:21  Immortal (Chrono Boost)  
  12  9:32  Resonating Glaives  
  12  9:42  Zealot x5  
  12  9:43  Zealot x3  
  12  9:50  Immortal (Chrono Boost)  
  12  10:16  Immortal (Chrono Boost)  
  12  10:20  Assimilator  
  12  10:38  Zealot x3  
  12  10:39  Zealot x5  
  12  11:07  Pylon  
  12  11:09  Pylon  
  12  11:10  Pylon  
  12  11:14  Pylon  
  12  11:33  Zealot  
Tags
 
Add a new tag
Caveats
  • Supply blocks, unpowered buildings, or Contaminate may cause inaccurate times.
  • Supply counts are checked every 10 seconds.